 Dungeon Crawl Stone Soup version 0.29.1-12-g30fa7ad0bf (webtiles) character file.

Game seed: 10743027626923641125

1466 mampy3000 the Basher (level 8, -2/71 HPs)
             Began as a Minotaur Berserker on Jan 19, 2023.
             Was an Elder of Trog.
             Slain by a gnoll
             ... wielding a +0 whip
             ... led by a gnoll sergeant
              (4 damage)
             ... on level 5 of the Dungeon.
             The game lasted 00:09:57 (3133 turns).

mampy3000 the Basher (Minotaur Berserker)           Turns: 3133, Time: 00:09:58

Health: -2/71      AC: 10    Str: 22    XL:     8   Next: 48%
Magic:  7/7        EV:  9    Int:  4    God:    Trog [****..]
Gold:   263        SH:  0    Dex: 12    Spells: 7/7 levels left

rFire   . . .      SeeInvis .   b - +0 whip (venom)
rCold   . . .      Faith    .   n - orb {light}
rNeg    . . .      Spirit   .   q - +0 chain mail
rPois   .          Reflect  .   (helmet restricted)
rElec   .          Harm     .   (no cloak)
rCorr   .          Rampage  .   (no gloves)
Will    .....                   (no boots)
Stlth   ..........              d - amulet of regeneration
HPRegen 1.01/turn               (no ring)
MPRegen 0.10/turn               (no ring)

@: on berserk cooldown, slowed, glowing, very slow
A: horns 2, retaliatory headbutt
a: Renounce Religion, Berserk, Trog's Hand, Brothers in Arms


You were on level 5 of the Dungeon.
You worshipped Trog.
Trog was greatly pleased with you.
You visited 1 branch of the dungeon, and saw 6 of its levels.

You collected 263 gold pieces.

Inventory:

Hand Weapons
 a - a +0 mace
 b - a +0 whip of venom (weapon)
 u - a +0 whip of flaming
Missiles
 i - 3 throwing nets (quivered)
Armour
 n - an orb of light (worn)
 q - a +0 chain mail (worn)
 s - a +2 pair of gloves
Jewellery
 d - an amulet of regeneration (around neck)
Wands
 e - a wand of flame (42)
 x - a wand of polymorph (6)
 y - a wand of roots (9)
Scrolls
 f - a scroll of immolation
 g - a scroll of teleportation
 p - 4 scrolls of poison
 t - a scroll of identify
 v - 2 scrolls of fear
 w - a scroll of blinking
Potions
 h - a potion of degeneration {unknown}
 j - a potion of flight {unknown}
 k - a potion of magic {unknown}
 l - 2 potions of mutation {unknown}
 m - 2 potions of lignification
 o - a potion of invisibility {unknown}
 r - 2 potions of cancellation {unknown}


   Skills:
 + Level 6.8 Fighting
 + Level 9.4 Maces & Flails
 + Level 6.3 Armour
 + Level 4.1 Dodging
 + Level 0.5 Stealth


You had 7 spell levels left.
You didn't know any spells.
Your spell library was empty.

Dungeon Overview and Level Annotations

Branches:
Dungeon (6/15)
 Temple: D:4-7

Altars:


Innate Abilities, Weirdness & Mutations

You have a pair of horns on your head.
You reflexively headbutt those who attack you in melee.


Message History

The gnoll sergeant hits you but does no damage.
The gnoll hits you with a +0 whip.
* * * LOW HITPOINT WARNING * * *
The gnoll barely misses you. x2
The gnoll sergeant hits you with a +0 trident!
* * * LOW HITPOINT WARNING * * *
The gnoll hits you but does no damage. The gnoll hits you with a +0 whip.
* * * LOW HITPOINT WARNING * * *
There is a stone staircase leading up here.
The gnoll barely misses you.
The gnoll sergeant hits you with a +0 trident.
* * * LOW HITPOINT WARNING * * *
The gnoll barely misses you. x2; The gnoll hits you but does no damage.
The gnoll sergeant misses you. You furiously retaliate!
You headbutt the gnoll sergeant, but do no damage.
You climb upwards.
There is a stone staircase leading down here.
You feel better.
The gnoll sergeant hits you with a +0 trident.
* * * LOW HITPOINT WARNING * * *
The gnoll hits you with a +0 whip.
* * * LOW HITPOINT WARNING * * *
You feel better.
The gnoll sergeant hits you with a +0 trident!
* * * LOW HITPOINT WARNING * * *
The gnoll hits you but does no damage. The gnoll sergeant barely misses you.
You furiously retaliate!
You headbutt the gnoll sergeant! The gnoll hits you but does no damage.
You hit the gnoll sergeant.
The gnoll sergeant is poisoned.
The gnoll sergeant is heavily wounded.
The gnoll sergeant hits you with a +0 trident.
* * * LOW HITPOINT WARNING * * *
The gnoll hits you but does no damage.
You hit the gnoll sergeant but do no damage.
The gnoll sergeant looks as sick as possible!
The gnoll sergeant is heavily wounded.
The gnoll sergeant hits you with a +0 trident.
* * * LOW HITPOINT WARNING * * *
The gnoll hits you with a +0 whip.
You die...

#...................#
#...................#
#..........)........#
#######.#...........#
########...............#
.............##################
.#######.....#................#
..#.....####.....g......#####.#
................@g......# #.#
.##.....####............# #.#
.##.....# #............# #.#
.##.....# #............# #.#
........####............# #.#
.....#....##............# #.#
.....####..###.#.######## #.#
.....# ##.###.#.# #.#
.#########.....#.# #.#


You could see a gnoll sergeant (extremely poisoned) and a gnoll.

Vanquished Creatures
  Grinder (D:4)
  A black bear (D:5)
  2 ogres
  2 necrophages (D:5)
  3 scorpions (D:5)
  4 wights (D:6)
  2 hounds
  3 iguanas
  4 orc wizards
  Robin (D:3)
  10 adders
  5 gnolls
  A white imp (D:5)
  2 worms (D:3)
  4 dart slugs
  6 orcs
  6 ball pythons
  10 endoplasms
  6 giant cockroaches
  17 goblins
  9 hobgoblins
  10 jackals (D:1)
  7 kobolds
  A quokka (D:2)
  7 bats
  A frilled lizard (D:1)
  5 rats
130 creatures vanquished.

Notes
Turn   | Place    | Note
-------+----------+-------------------------------------------
     0 | D:1      | mampy3000 the Minotaur Berserker began the quest for the
                  | Orb.
     0 | D:1      | Reached XP level 1. HP: 19/19 MP: 0/0
   190 | D:1      | Reached skill level 4 in Maces & Flails
   190 | D:1      | Reached XP level 2. HP: 22/27 MP: 1/1
   399 | D:1      | Reached XP level 3. HP: 33/33 MP: 2/2
   544 | D:1      | Reached ** piety under Trog
   964 | D:2      | Reached XP level 4. HP: 41/41 MP: 3/3
  1384 | D:3      | Noticed Robin
  1400 | D:3      | Reached *** piety under Trog
  1403 | D:3      | Killed Robin
  1404 | D:3      | Reached skill level 5 in Maces & Flails
  1681 | D:3      | Reached XP level 5. HP: 47/47 MP: 4/4
  1981 | D:4      | Reached skill level 6 in Maces & Flails
  2070 | D:4      | Identified the +5 whip "Raemm" {vorpal, rElec Str+3}
  2208 | D:4      | Reached skill level 5 in Fighting
  2219 | D:4      | Noticed Grinder
  2231 | D:4      | Killed Grinder
  2232 | D:4      | Reached skill level 7 in Maces & Flails
  2232 | D:4      | Reached XP level 6. HP: 45/56 MP: 5/5
  2312 | D:4      | Reached XP level 7. HP: 61/61 MP: 6/6
  2470 | D:5      | Entered Level 5 of the Dungeon
  2653 | D:5      | Reached skill level 8 in Maces & Flails
  2653 | D:5      | Reached skill level 5 in Armour
  2675 | D:5      | Reached **** piety under Trog
  2716 | D:5      | Reached XP level 8. HP: 70/70 MP: 7/7
  3104 | D:6      | Reached skill level 9 in Maces & Flails
  3133 | D:5      | HP: 2/71 [gnoll sergeant/+0 trident (5)]
  3133 | D:5      | Slain by a gnoll

Illustrated notes

Levels and vault maps discovered:
D:1:      dpeg_arrival_arbitrary_b, layout_loops_ring
D:2:      layout_rooms
D:3:      layout_rooms, kennysheep_generic_room_6, uniq_robin
D:4:      layout_rooms, uniq_grinder
D:5:      layout_basic, minmay_diced_spiral
D:6:      layout_cave_pools, nicolae_ru_the_path_less_chosen, solitary_fountain,
          minmay_holes, uniq_edmund

Skill      XL: |  1  2  3  4  5  6  7  8 |
---------------+-------------------------+-----
Maces & Flails | 4 5 7 8 9 |  9.4
Fighting       | 4 5 6 |  6.8
Dodging        | 3 4 |  4.1
Armour         | 3 4 5 6 |  6.3
Stealth        | |  0.5

Action                   |  1- 3 |  4- 6 |  7- 9 || total
-------------------------+-------+-------+-------++-------
Melee: Mace              |    66 |       |       ||    66
       Headbutt          |     9 |    28 |    17 ||    54
       Whip              |    25 |   113 |    78 ||   216
Invok: Berserk           |       |     2 |     3 ||     5
  Use: Scroll            |       |     9 |     1 ||    10
       Potion            |       |       |     3 ||     3
Armor: Animal skin       |     3 |       |       ||     3
       Leather armour    |    14 |       |       ||    14
       Ring mail         |    21 |     4 |       ||    25
       Chain mail        |       |    42 |    31 ||    73
Dodge: Dodged            |    73 |    46 |    26 ||   145
